cohdb
Replays
Latest Replays
All Replays
Popular Replays
Top Player Replays
Match Explorer
How It Works
Community
CoH3 Stats
Reddit
Sign in to upload your games and track your stats! →
Sign in with Steam
Match 42436395
Unlisted
Match 42436395
Overview
Messages
Build Orders
End
Kradschützen Motorcycle Team
Selects Panzerjäger Kommand Battlegroup
Selects Mine Fields
Panzergrenadier Squad
Panzergrenadier Squad
Construct Light Support Kompanie
Fire Support Elements
2.5-tonne Medical Truck
Panzerjäger Squad
Selects Tank Busters
Flakvierling Half-track
Veteran Squad Leaders
Selects Defensive Positions
le.IG 18 Mechanized Group
Construct Panzerarmee Kommand
Armored Reserves
Pak 38 Anti-tank Gun Team
Selects Butterfly Bomb Drop
Selects Crew Shock Tactics
Tiger Heavy Tank
Emergency Repair Kits
Selects Anti-tank Overwatch
Rapid Advance
Flakvierling Half-track
Tungsten Core Ammunition
Losttruppen
쏘우세지
kenleung
Narobit
Murder Boner
Fancies
Ico
SuspectMule
0
0
Comments
sign in to comment!
No comments posted yet!